 Dungeon Crawl Stone Soup version 0.30.1-3-gfc49f6343a (webtiles) character file.

Game seed: 11188675170382836516

207 jtron the Sneak (level 5, 0/41 HPs)
             Began as a Demonspawn Wanderer on Aug 7, 2023.
             Slain by Pikel
             ... wielding a +0 whip of freezing
              (5 damage)
             ... on level 3 of the Dungeon.
             The game lasted 00:07:17 (2650 turns).

jtron the Sneak (Demonspawn Wanderer)               Turns: 2650, Time: 00:07:17

Health: 0/41       AC:  2    Str: 12 (15) XL:     5   Next: 54%
Magic:  7/7        EV: 12    Int: 10 (12) God:
Gold:   110        SH:  0    Dex: 14 (15) Spells: 6/7 levels left

rFire   . . .        a - +1 short sword (speed)
rCold   . . .        (no shield)
rNeg    . . .        d - +0 robe
rPois   .            (helmet restricted)
rElec   .            (no cloak)
rCorr   .            (no gloves)
SInv    .            (no boots)
Will    .....        u - amulet of regeneration
Stlth   +++          (no ring)
HPRegen 1.06/turn    (no ring)
MPRegen 0.10/turn

%: no passive effects
@: no status effects
A: antennae 2, spiny 1, robust 1, screaming 1, strong 1, inability to read after
injury 1
a: no special abilities


You were on level 3 of the Dungeon.
You visited 1 branch of the dungeon, and saw 4 of its levels.

You collected 110 gold pieces.

Inventory:

Hand Weapons
 a - a +1 short sword of speed (weapon)
 b - a +0 sling
 h - a +0 whip of draining
 i - a +0 spear
 o - a +2 dagger
Missiles
 e - 3 stones (quivered)
Armour
 c - a +0 helmet
 d - a +0 robe (worn)
Jewellery
 u - an amulet of regeneration (around neck)
Scrolls
 f - a scroll of teleportation {unknown}
 g - a scroll of torment {unknown}
 j - a scroll of poison {unknown}
 l - a scroll of noise {unknown}
 n - 2 scrolls of identify {unknown}
 p - a scroll of fog {unknown}
 q - a scroll of brand weapon {unknown}
 r - 3 scrolls of blinking
 s - 2 scrolls of summoning {unknown}
Potions
 k - a potion of brilliance {unknown}
 t - a potion of attraction {unknown}


   Skills:
 + Level 2.0 Fighting
 + Level 1.3 Short Blades
 - Level 0.3 Maces & Flails
 + Level 0.3 Polearms
 + Level 1.1 Armour
 + Level 2.6 Dodging
 - Level 4.0 Stealth
 + Level 1.5 Spellcasting
 + Level 1.2 Conjurations
 + Level 1.5 Fire Magic
 + Level 1.0 Evocations


You had 6 spell levels left.
You knew the following spells:

 Your Spells              Type           Power      Damage    Failure   Level
a - Foxfire               Conj/Fire      12%        2x1d4     19%         1

Your spell library contained the following spells:

 Spells                   Type           Power      Damage    Failure   Level
 Ignite Poison            Fire/Tmut/Pois 1%         N/A       63%         3


Dungeon Overview and Level Annotations

Branches:
Dungeon (4/15)
 Temple: D:4-7

Altars:

Annotations:
D:3 Pikel


Innate Abilities, Weirdness & Mutations

You have a pair of antennae on your head.
You are partially covered in sharp spines.
You are robust. (+10% HP)
You occasionally shout uncontrollably at your foes.
Your muscles are strong. (Str +4, Int/Dex -1)
You occasionally lose the ability to read scrolls when taking damage.


Message History

You closely miss Pikel. Your punch misses Pikel.
Pikel is heavily wounded.
Pikel hits you with a +0 whip of freezing!
* * * LOW HITPOINT WARNING * * *
Pikel freezes you.
* * * LOW HITPOINT WARNING * * *
You barely miss Pikel.
Pikel is heavily wounded.
You hit Pikel but do no damage.
Pikel is heavily wounded.
Pikel hits you with a +0 whip of freezing.
* * * LOW HITPOINT WARNING * * *
Pikel freezes you.
* * * LOW HITPOINT WARNING * * *
You barely miss Pikel.
Pikel is heavily wounded.
Pikel is struck by your spines. Pikel barely misses you.
You closely miss Pikel.
Pikel is heavily wounded.
You completely miss Pikel.
Pikel is heavily wounded.
Pikel hits you with a +0 whip of freezing.
* * * LOW HITPOINT WARNING * * *
Pikel freezes you.
* * * LOW HITPOINT WARNING * * *
You hit Pikel.
Pikel is severely wounded.
You hit Pikel but do no damage.
Pikel is severely wounded.
Pikel misses you.
You closely miss Pikel.
Pikel is severely wounded.
You can read scrolls again.
Pikel barely misses you.
You hit Pikel.
Pikel is severely wounded.
You hit Pikel.
Pikel is severely wounded.
Pikel hits you with a +0 whip of freezing.
You die...

##...###...##
###.##############
#......# #.......#
#.#.##.#
#.......##
#.#.##.#
#.......##
#.#..#.#
#.........
#.##.#.#
#.....†.#.
#.##.#.#
#.......#.
#K@....#
#.......#.
####.###
########## #.#
####### #)#
#...... #.#####
#.####. #.#...#
#.####. #.....#
#.##...
###...####.#.#..
##........###.


You could see Pikel.

Vanquished Creatures
  A black bear (D:3)
  An orc wizard (D:3)
  2 adders
  A worm (D:2)
  4 dart slugs
  8 orcs
  5 endoplasms
  3 giant cockroaches
  11 goblins
  3 hobgoblins
  2 jackals (D:1)
  A quokka (D:1)
  2 ball pythons
  4 bats (D:1)
  A frilled lizard (D:3)
  4 kobolds
  2 rats (D:1)
55 creatures vanquished.

Vanquished Creatures (others)
  38 foxfires
38 creatures vanquished.

Grand Total: 93 creatures vanquished

Notes
Turn   | Place    | Note
-------+----------+-------------------------------------------
     0 | D:1      | jtron the Demonspawn Wanderer began the quest for the Orb.
     0 | D:1      | jtron set off with the following items: a +2 dagger, 2
                  | scrolls of blinking, a +0 helmet, a +0 robe; and the
                  | following spell memorised: Foxfire; and the following
                  | spells available to memorise: Ignite Poison.
     0 | D:1      | Reached XP level 1. HP: 15/15 MP: 2/2
   128 | D:1      | Reached skill level 3 in Stealth
   227 | D:1      | Gained mutation: You are partially covered in sharp spines.
                  | [demonic ancestry]
   227 | D:1      | Reached XP level 2. HP: 11/21 MP: 0/3
   976 | D:2      | Reached XP level 3. HP: 26/26 MP: 4/4
  1100 | D:2      | Reached skill level 1 in Short Blades
  1778 | D:3      | Found a faded altar of an unknown god.
  1839 | D:3      | Noticed a black bear
  1846 | D:3      | Gained mutation: You have a pair of small antennae on your
                  | head. [demonic ancestry]
  1846 | D:3      | Reached XP level 4. HP: 32/32 MP: 5/5
  1887 | D:3      | Gained mutation: You occasionally lose the ability to read
                  | scrolls when taking damage. [potion of mutation]
  1887 | D:3      | Gained mutation: You occasionally shout uncontrollably at
                  | your foes. [potion of mutation]
  1887 | D:3      | Gained mutation: You are robust. (+10% HP) [potion of
                  | mutation]
  1887 | D:3      | Gained mutation: Your muscles are strong. (Str +4, Int/Dex
                  | -1) [potion of mutation]
  2013 | D:3      | Killed a black bear
  2014 | D:3      | Reached skill level 4 in Stealth
  2014 | D:3      | Reached skill level 1 in Conjurations
  2014 | D:3      | Gained mutation: You have a pair of antennae on your head.
                  | [demonic ancestry]
  2014 | D:3      | Reached XP level 5. HP: 13/41 MP: 0/7
  2585 | D:4      | Noticed Pikel
  2588 | D:4      | Noticed a lemure
  2591 | D:4      | Noticed a lemure
  2591 | D:4      | Noticed a lemure
  2591 | D:4      | Noticed a lemure
  2642 | D:3      | HP: 2/41 [Pikel/+0 whip of freezing (2)]
  2650 | D:3      | Slain by Pikel

Illustrated notes

Levels and vault maps discovered:
D:1:      dpeg_arrival_long_road, layout_loops_cross, minmay_vboxes
D:2:      layout_loops_cross
D:3:      layout_loops_cross, basic_ecumenical_altar, kennysheep_path_1,
          grunt_decor_fettered, grunt_decor_clamped, minmay_checkerbox
D:4:      layout_loops_ring, ebering_ghost_reflecting_pool, serial_shops, shop,
          uniq_crazy_yiuf_cottage, uniq_pikel, uniq_blork_the_orc, uniq_sigmund

Skill      XL: |  1  2  3  4 |
---------------+-------------+-----
Stealth        | 3 4 |  4.0
Dodging        | 2 |  2.6
Short Blades   | 1 |  1.3
Fighting       | 2 |  2.0
Conjurations   | 1 |  1.2
Maces & Flails | |  0.3
Polearms       | |  0.3
Armour         | |  1.1
Spellcasting   | |  1.5
Fire Magic     | |  1.5
Evocations     | |  1.0

Action                     |  1- 3 |  4- 6 || total
---------------------------+-------+-------++-------
  Melee: Dagger            |    29 |       ||    29
         Spear             |    13 |       ||    13
         Whip              |    18 |    23 ||    41
         Short sword       |       |    66 ||    66
         Punch             |       |     1 ||     1
  Throw: Stone             |     3 |       ||     3
   Cast: Foxfire           |    17 |     5 ||    22
  Evoke: Wand              |       |     1 ||     1
    Use: Potion            |     1 |     5 ||     6
   Stab: Sleeping          |     4 |     7 ||    11
         Distracted        |     1 |       ||     1
 Armour: Robe              |    11 |    13 ||    24
  Dodge: Dodged            |    39 |    45 ||    84
